 Dungeon Sprint DCSS version 0.23-a0-635-g88ca12a (webtiles) character file.

65 Lanoc the Magician (level 3, -5/19 HPs)
             Began as a Deep Elf Conjurer on Dec 27, 2018.
             Was a Priest of Vehumet.
             Slain by Pikel
             ... wielding a +0 whip of flaming
              (12 damage)
             ... in the Dungeon (Sprint VII: "The Pits").
             The game lasted 00:03:05 (431 turns).

Lanoc the Magician (Deep Elf Conjurer)               Turns: 431, Time: 00:03:06

Health: -5/19      AC:  2    Str:  5    XL:     3   Next: 92%
Magic:  4/13       EV: 15    Int: 20    God:    Vehumet [***...]
Gold:   0          SH:  0    Dex: 15    Spells: 13/16 levels left

rFire    . . .     SeeInvis .   o - staff of energy
rCold    . . .     Gourm    .   (no shield)
rNeg     . . .     Faith    .   a - +0 robe
rPois    .         Spirit   .   (no helmet)
rElec    .         Reflect  .   (no cloak)
rCorr    .         Harm     .   (no gloves)
MR       .....     NoTele   +   (no boots)
Stlth    ++........             (no amulet)
HPRegen  0.06/turn              (no ring)
MPRegen  0.13/turn              (no ring)

@: no status effects
A: no striking features
a: Renounce Religion


You were in the Dungeon.
You worshipped Vehumet.
Vehumet was most pleased with you.
You were not hungry.

You visited 1 branch

Inventory:

Hand Weapons
 p - a +1 quarterstaff of protection
Armour
 a - a +0 robe (worn)
Magical Staves
 o - an uncursed staff of energy (weapon)
Scrolls
 i - a scroll of blinking
 l - 3 scrolls of remove curse
 m - 5 scrolls of amnesia
 n - a scroll of summoning
Potions
 d - 6 potions of curing
 e - 3 potions of heal wounds
 f - a potion of haste
 g - 3 potions of magic
 h - 3 potions of berserk rage
 k - 2 potions of invisibility
Comestibles
 b - 3 chunks of flesh
 c - 9 rations


   Skills:
 + Level 4.7 Dodging
 - Level 2.4 Stealth
 * Level 7.0 Spellcasting
 * Level 6.9 Conjurations


You had 13 spell levels left.
You knew the following spells:

 Your Spells              Type           Power        Failure   Level  Hunger
a - Magic Dart            Conj           ####         1%          1    None
b - Searing Ray           Conj           ####..       1%          2    None

Your spell library contained the following spells:

 Spells                   Type           Power        Failure   Level  Hunger
 Flame Tongue             Conj/Fire      ###..        1%          1    None
 Dazzling Spray           Conj/Hex       ###...       1%          3    None
 Iskenderun's Mystic Bla  Conj           ####....     1%          4    None
 Force Lance              Conj/Tloc      ###.....     6%          4    None
 Fulminant Prism          Conj/Hex       ###.......   6%          4    None


Dungeon Overview and Level Annotations

Branches:
Dungeon (1/1)

Altars:
Ashenzari
Cheibriados
Dithmenos
Elyvilon
Fedhas
Gozag
Hepliaklqana
Kikubaaqudgha
Makhleb
Nemelex Xobeh
Okawaru
Qazlal
Ru
Sif Muna
Trog
Uskayaw
Vehumet
Wu Jian
Xom
Yredelemnul
Zin
The Shining One
Beogh
Jiyva
Lugonu

Annotations:
D Pikel


Message History

The searing ray hits the quasit.
The quasit is severely wounded. (Press . to maintain the ray.)
The quasit bites you.
You feel clumsy. The quasit misses you.
The quasit claws you but does no damage.
The quasit closely misses you. The quasit barely misses you.
The quasit claws you.
The searing ray hits the quasit.
You kill the quasit!
Vehumet accepts your kill.
Vehumet is aiding your destructive magics.
You feel your dexterity returning.
Your Spellcasting skill gained 2 levels and is now at level 7!
The searing ray hits Pikel.
Pikel is moderately wounded.
Pikel hits you with a +0 whip of flaming!
Ouch! That really hurt!
You die...

############
#_________.#
#_________.#
#_______...###########++
##########'##...........
#.?(.')))'.##......#..#.
##########.##...........
#..K÷..s..†K@...........
#K#####'#####......#..#.
#.#.....#..##...........
#p#.....#))#####'#####++
#h###)###))##.......#
#.#.....#))##.......#
#p#.....#[[##.......#
#K####'##'###...<...#
#5#........##.......#


You could see Pikel and a giant cockroach.

Vanquished Creatures
  3 slaves (D)
  A quasit (D)
  A mummy (D)
  2 oozes (D)
  An orc (D)
  2 giant cockroaches (D)
  A goblin (D)
  A jackal (D)
  A frilled lizard (D)
  A rat (D)
14 creatures vanquished.

Notes
Turn   | Place    | Note
-------+----------+-------------------------------------------
     0 | D        | Lanoc the Deep Elf Conjurer began the quest for the Orb.
     0 | D        | Reached XP level 1. HP: 10/10 MP: 6/6
    27 | D        | Found a bloodstained altar of Trog.
    27 | D        | Found a deep blue altar of Sif Muna.
    27 | D        | Found a viscous altar of Jiyva.
    27 | D        | Found a hazy altar of Hepliaklqana.
    27 | D        | Found an opulent altar of Gozag.
    28 | D        | Found a glowing golden altar of the Shining One.
    28 | D        | Found a glowing silver altar of Zin.
    28 | D        | Found a basalt altar of Yredelemnul.
    28 | D        | Found a shimmering altar of Xom.
    28 | D        | Found an ornate altar of the Wu Jian Council.
    28 | D        | Found a sacrificial altar of Ru.
    28 | D        | Found a stormy altar of Qazlal.
    28 | D        | Found an iron altar of Okawaru.
    28 | D        | Found a sparkling altar of Nemelex Xobeh.
    28 | D        | Found a burning altar of Makhleb.
    28 | D        | Found a blossoming altar of Fedhas.
    28 | D        | Found a white marble altar of Elyvilon.
    28 | D        | Found a shadowy altar of Dithmenos.
    28 | D        | Found a snail-covered altar of Cheibriados.
    29 | D        | Found a radiant altar of Vehumet.
    29 | D        | Found a corrupted altar of Lugonu.
    29 | D        | Found a roughly hewn altar of Beogh.
    30 | D        | Found a hide-covered altar of Uskayaw.
    30 | D        | Found an ancient bone altar of Kikubaaqudgha.
    30 | D        | Found a shattered altar of Ashenzari.
    37 | D        | Became a worshipper of Vehumet
    81 | D        | Reached skill level 4 in Spellcasting
    81 | D        | Reached skill level 5 in Conjurations
   204 | D        | Reached * piety under Vehumet
   204 | D        | Offered knowledge of Freeze by Vehumet.
   204 | D        | Reached XP level 2. HP: 15/15 MP: 5/9
   261 | D        | Learned a level 2 spell: Searing Ray
   278 | D        | Reached skill level 5 in Spellcasting
   279 | D        | Reached ** piety under Vehumet
   323 | D        | Reached XP level 3. HP: 19/19 MP: 8/12
   387 | D        | Noticed a slave
   387 | D        | Noticed a slave
   388 | D        | Noticed a slave
   388 | D        | Noticed a fire bat
   388 | D        | Noticed Pikel
   388 | D        | Noticed a slave
   415 | D        | Killed a slave
   416 | D        | Offered knowledge of Flame Tongue by Vehumet.
   422 | D        | Killed a slave
   427 | D        | Killed a slave
   430 | D        | Reached *** piety under Vehumet
   430 | D        | Reached skill level 7 in Spellcasting
   431 | D        | Slain by Pikel

Vault maps used:
D:        pitsprint

Skill      XL: |  1  2  3 |
---------------+----------+-----
Dodging        | 3 4 |  4.7
Spellcasting   | 4 5 7 |  7.0
Conjurations   | 5 6 |  6.9
Stealth        | |  2.4

Action                   || total
-------------------------++-------
 Cast: Magic Dart        ||    14
       Searing Ray       ||     6
  Use: Potion            ||     4
Armor: Robe              ||     1
Dodge: Dodged            ||    12

Table legend:
 A = Non-vault XP
 B = Vault XP
 C = Vault XP percentage of total XP
 D = Non-vault monster count
 E = Vault monster count
 F = Vault count percentage of total count
                 A         B        C        D         E       F
            +---------+---------+-------+---------+---------+-------
      Total |       0 |      93 | 100.0 |       0 |      11 | 100.0
            +---------+---------+-------+---------+---------+-------
          D |       0 |      93 | 100.0 |       0 |      11 | 100.0
            +---------+---------+-------+---------+---------+-------
